 Dungeon Crawl Stone Soup version 0.21-a0-552-g593960d (webtiles) character file.

53 M4edhros the Sneak (level 3, -1/23 HPs)
             Began as an Octopode Artificer on Dec 17, 2017.
             Killed by divine providence
             ... invoked by an orc priest
              (12 damage)
             ... on level 4 of the Dungeon.
             The game lasted 00:02:32 (400 turns).

M4edhros the Sneak (Octopode Artificer)              Turns: 400, Time: 00:02:33

Health: -1/23      AC:  1    Str: 11    XL:     3   Next: 87%
Magic:  5/5        EV: 13    Int: 13    God:
Gold:   32         SH:  0    Dex: 10    Spells: 2/2 levels left

rFire    . . .     SeeInvis .   a - +0 short sword
rCold    . . .     Gourm    .   (no shield)
rNeg     . . .     Faith    .   (helmet restricted)
rPois    .         Spirit   .   (no amulet)
rElec    .         Reflect  .   j - -3 ring of dexterity (curse)
rCorr    .         Harm     .   (no ring)
MR       .....                  (no ring)
Stlth    ++++......             (no ring)
HPRegen  0.07/turn              (no ring)
MPRegen  0.09/turn              (no ring)
                                (no ring)
                                (no ring)

@: no status effects
A: almost no armour, stealthy swim, amphibious, 8 rings, constrict 8, camouflage
1, gelatinous body 1
a: no special abilities


You were on level 4 of the Dungeon.
You were not hungry.

You visited 1 branch of the dungeon, and saw 4 of its levels.

You collected 32 gold pieces.

Inventory:

Hand Weapons
 a - a +0 short sword (weapon)
Missiles
 h - 27 sling bullets
 i - 114 stones (quivered)
Jewellery
 j - a cursed -3 ring of dexterity (left tentacle)
Wands
 b - a wand of flame (13)
 c - a wand of enslavement (13)
 d - a wand of random effects (6)
Scrolls
 g - 2 scrolls of identify {unknown}
 l - a scroll of teleportation {unknown}
Potions
 e - a potion of haste {unknown}
 k - a potion of invisibility {unknown}
 m - a potion of heal wounds {unknown}
Comestibles
 f - 2 bread rations


   Skills:
 - Level 1.0 Fighting
 - Level 1.0 Short Blades
 - Level 2.0 Dodging
 + Level 5.2 Stealth
 - Level 3.2 Evocations


You had 2 spell levels left.
You didn't know any spells.

Dungeon Overview and Level Annotations

Branches:
Dungeon (4/15)
 Temple: D:4-7

Altars:


Innate Abilities, Weirdness & Mutations

You cannot wear most types of armour.
You are very stealthy in the water. (Stealth+)
You are amphibious.
You can wear up to eight rings at the same time.
You can use your tentacles to constrict eight enemies at once.
Your skin changes colour to match your surroundings (Stealth+).
Your rubbery body absorbs attacks. (AC +1, EV +1)


Message History

Guard this area!
You swap places.
There is an open door here.
You see here a quokka corpse.
m - a white potion You open the door.
A worm comes into view.
There is an open door here.
There is a stone staircase leading down here.
You climb downwards.
There is a stone staircase leading up here.
You enter a teleport trap!
The teleport trap disappears.
Your surroundings suddenly seem different. 3 orcs, an orc priest and an orc wizard come into view.
The orc priest is wielding a flail of protection.
The orc priest shouts!
The orc shouts! x3
The orc priest calls down the wrath of Beogh upon you.
Beogh smites you!
Ouch! That really hurt!
You die...

###########
#..@...$...
#.......###
#.oo....#
#..o.oo.#
#.......#
#####+###


You could see an orc priest, an orc wizard and 3 orcs.

Vanquished Creatures
  An adder (D:2)
  2 gnolls (D:2)
  2 worms (D:2)
  2 giant cockroaches
  3 goblins
  4 hobgoblins
  2 kobolds
  A quokka (D:3)
  2 bats (D:1)
  3 frilled lizards
  2 rats (D:2)
24 creatures vanquished.

Vanquished Creatures (others)
  A gnoll (D:2)
1 creature vanquished.

Grand Total: 25 creatures vanquished

Notes
Turn   | Place    | Note
-------+----------+-------------------------------------------
     0 | D:1      | M4edhros the Octopode Artificer began the quest for the Orb.
     0 | D:1      | Reached XP level 1. HP: 13/13 MP: 3/3
    48 | D:1      | Reached skill level 2 in Stealth
    93 | D:1      | Reached skill level 3 in Stealth
    93 | D:1      | Reached XP level 2. HP: 16/18 MP: 4/4
   259 | D:2      | Reached skill level 4 in Stealth
   259 | D:2      | Reached XP level 3. HP: 9/23 MP: 5/5
   260 | D:2      | Reached skill level 5 in Stealth
   400 | D:4      | Killed from afar by an orc priest

Vault maps used:
D:1:      denvon_arrival_planthouse
D:3:      kennysheep_slug_shrine, first_bread
D:4:      xom_butterflies

Skill      XL: |  1  2  3 |
---------------+----------+-----
Stealth        | 3 4 5 |  5.2
Fighting       | |  1.0
Short Blades   | |  1.0
Dodging        | |  2.0
Evocations     | |  3.2

Action                   || total
-------------------------++-------
Melee: Short sword       ||    33
       Constrict         ||    11
       Tentacles         ||     6
Evoke: Wand              ||    13
 Stab: Sleeping          ||     1
Armor: Skin              ||     3
Dodge: Dodged            ||    16

Table legend:
 A = Spawn XP
 B = Non-spawn XP
 C = Spawn XP percentage of total XP
 D = Spawn monster count
 E = Non-spawn monster count
 F = Spawn count percentage of total count
 G = Total turns spent on level
                    A         B        C        D         E        F      G
               +---------+---------+-------+---------+---------+-------+---------
         Total |       0 |      76 |   0.0 |       0 |      24 |   0.0 |   400
               +---------+---------+-------+---------+---------+-------+---------
           D:1 |       0 |      14 |   0.0 |       0 |       8 |   0.0 |   141
           D:2 |       0 |      59 |   0.0 |       0 |      14 |   0.0 |   174
           D:3 |       0 |       3 |   0.0 |       0 |       2 |   0.0 |    71
               +---------+---------+-------+---------+---------+-------+---------
